 Dungeon Crawl Stone Soup version 0.24.0-28-g17ded55e90 (webtiles) character file.

Game seed: 12309502506915897537, levelgen mode: deterministic

84 Nattfarinn the Changer (level 4, -4/38 HPs)
             Began as a Naga Transmuter on Nov 13, 2019.
             Slain by a worm (9 damage)
             ... on level 2 of the Dungeon.
             The game lasted 00:05:48 (2398 turns).

Nattfarinn the Changer (Naga Transmuter)            Turns: 2398, Time: 00:05:49

Health: -4/38      AC:  2    Str: 13    XL:     4   Next: 46%
Magic:  6/7        EV: 15    Int: 14    God:
Gold:   81         SH:  0    Dex: 16    Spells: 4/7 levels left

rFire    . . .     SeeInvis +     - Unarmed
rCold    . . .     Gourm    .   (no shield)
rNeg     . . .     Faith    .   b - +0 robe
rPois    +         Spirit   .   (no helmet)
rElec    .         Reflect  .   (no cloak)
rCorr    .         Harm     .   (no gloves)
MR       .....                  (no barding)
Stlth    ++........             (no amulet)
HPRegen  0.12/turn              (no ring)
MPRegen  0.10/turn              (no ring)

@: agile, lethally poisoned (-4 -> -6), appendage, very slow
A: large, horns 2, see invisible, deformed body, poison resistance, slowness 2,
slow metabolism 1, spit poison 1, AC +1
a: Spit Poison, End Transformation


You were on level 2 of the Dungeon.
You were hungry.
You had grown temporary horns.
You visited 1 branch of the dungeon, and saw 2 of its levels.

You collected 81 gold pieces.

Inventory:

Missiles
 a - 29 arrows
 i - 11 poisoned darts (quivered)
Armour
 b - a +0 robe (worn)
Scrolls
 c - 2 scrolls of enchant armour {unknown}
 f - a scroll of random uselessness {unknown}
 h - a scroll of remove curse {unknown}
 j - a scroll of immolation {unknown}
 k - a scroll of teleportation {unknown}
 l - a scroll of magic mapping {unknown}
Potions
 g - a potion of resistance {unknown}
Comestibles
 d - 4 rations


   Skills:
 - Level 1.0 Fighting
 - Level 1.5 Dodging
 + Level 3.6 Unarmed Combat
 - Level 2.0 Spellcasting
 * Level 4.0 Transmutations


You had 4 spell levels left.
You knew the following spells:

 Your Spells              Type           Power        Failure   Level  Hunger
a - Beastly Appendage     Tmut           ##....       4%          1    ##.....
b - Sticks to Snakes      Tmut           ##......     7%          2    ###....

Your spell library contained the following spells:

 Spells                   Type           Power        Failure   Level  Hunger
 Spider Form              Tmut/Pois      #.........   30%         3    ####...
 Ice Form                 Ice/Tmut       #.......     71%         4    #####..
 Blade Hands              Tmut           ##........   77%         5    ######.


Dungeon Overview and Level Annotations

Branches:
Dungeon (2/15)

Altars:
Fedhas
Xom


Innate Abilities, Weirdness & Mutations

You cannot wear boots.
Your serpentine skin is tough. (AC +1)
You have supernaturally acute eyesight. (SInv)
Armour fits poorly on your strangely shaped body.
Your system is resistant to poisons. (rPois)
You cover ground very slowly.
You have a slow metabolism.
You can spit poison.
You have a pair of horns on your head.


Message History

The worm is lightly wounded.
The worm bites you.
Casting: Beastly Appendage (safe; 4% risk of failure)
Confirm with . or Enter, or press ? or * to list all spells.
You grow a pair of large bovine horns.
You hit the worm but do no damage. Your headbutt misses the worm.
You punch the worm, but do no damage.
The worm is lightly wounded.
The worm bites you but does no damage.
You hit the worm but do no damage. You headbutt the worm!
The worm is heavily wounded.
You feel sick.
You hit the worm.
The worm is heavily wounded.
The worm bites you!
* * * LOW HITPOINT WARNING * * *
It was a potion of agility.
You feel agile all of a sudden. The worm bites you!
You die...

#.......#
♣♣.....♣♣
#.#######
♣♣.......♣♣
#.#
♣...._....♣
#.#
♣♣.........
#.# ♣.........
#.# ♣......
#.# ♣..w♣ #.#
♣♣.†@♣♣ #.#
♣.....♣♣♣♣♣#.#
###.......)..#
############


You could see a worm.

Vanquished Creatures
  Terence (D:2)
  2 adders (D:2)
  2 oozes
  2 worms (D:2)
  A dart slug (D:1)
  A leopard gecko (D:1)
  A ball python (D:1)
  A giant cockroach (D:2)
  8 goblins
  4 kobolds
  8 bats
  5 frilled lizards (D:1)
  6 rats
42 creatures vanquished.

Notes
Turn   | Place    | Note
-------+----------+-------------------------------------------
     0 | D:1      | Nattfarinn the Naga Transmuter began the quest for the Orb.
     0 | D:1      | Reached XP level 1. HP: 18/18 MP: 3/3
   247 | D:1      | Reached XP level 2. HP: 24/25 MP: 5/5
   797 | D:1      | Reached skill level 3 in Transmutations
  1080 | D:1      | Reached XP level 3. HP: 19/31 MP: 4/6
  1832 | D:2      | Noticed Terence
  1836 | D:2      | Learned a level 2 spell: Sticks to Snakes
  1864 | D:2      | Killed Terence
  2083 | D:2      | Reached XP level 4. HP: 25/38 MP: 7/7
  2276 | D:2      | Found a shimmering altar of Xom.
  2385 | D:2      | Found a blossoming altar of Fedhas.
  2390 | D:2      | Reached skill level 4 in Transmutations
  2398 | D:2      | Slain by a worm

Levels and vault maps discovered:
D:1:      dpeg_arrival_simpleton_c, layout_loops_ring,
          chequers_serial_rivers_marsh, minmay_tripent
D:2:      layout_rooms, fedhas_altar_fruit_tree, tgw_xom,
          grunt_temple_overflow_cloverleaf, uniq_terence

Skill      XL: |  1  2  3  4 |
---------------+-------------+-----
Transmutations | 3 4 |  4.0
Fighting       | |  1.0
Dodging        | |  1.5
Unarmed Combat | |  3.6
Spellcasting   | |  2.0

Action                   |  1- 3 |  4- 6 || total
-------------------------+-------+-------++-------
Melee: Unarmed           |   103 |    24 ||   127
       Headbutt          |    10 |     4 ||    14
       Punch             |       |     2 ||     2
 Cast: Beastly Appendage |    15 |     5 ||    20
       Sticks to Snakes  |     4 |       ||     4
  Use: Potion            |     1 |     1 ||     2
 Stab: Sleeping          |     1 |       ||     1
  Eat: Chunk             |     3 |       ||     3
Armor: Robe              |    26 |     3 ||    29
       Skin              |     2 |       ||     2
Dodge: Dodged            |    82 |     9 ||    91
